 Dungeon Sprint DCSS version 0.30-a0-210-g01b79a254e (webtiles) character file.

Game seed: 11711563603959923829

189 rocky1 the Trooper (level 5, -1/63 HPs)
             Began as an Ogre Fighter on Oct 5, 2022.
             Was an Initiate of Gozag.
             Splashed by a jelly's acid (5 damage)
             ... in the Dungeon (Sprint VII: "The Pits").
             The game lasted 00:01:05 (194 turns).

rocky1 the Trooper (Ogre Fighter)                    Turns: 194, Time: 00:01:05

Health: -1/63      AC: -21   Str: 22    XL:     5   Next: 68%
Magic:  5/5        EV:  9    Int:  9    God:    Gozag
Gold:   531        SH:  8    Dex:  8    Spells: 4/4 levels left

rFire   . . .      SeeInvis .    a - +0 flail
rCold   . . .      Faith    .    c - +0 kite shield
rNeg    . . .      Spirit   .    b - +0 robe
rPois   .          Reflect  .    (helmet restricted)
rElec   .          Harm     .    (no cloak)
rCorr   .          Rampage  .    (gloves unavailable)
Will    .....      NoTele   +    (boots unavailable)
Stlth   +.........               (no amulet)
HPRegen 0.30/turn                (no ring)
MPRegen 0.09/turn                (no ring)

@: corroded
A: large, unfitting armour, tough skin 1
a: Renounce Religion, Potion Petition, Call Merchant, Bribe Branch


You were in the Dungeon.
You worshipped Gozag.
Gozag was pleased with you.
You visited 1 branch You collected 531 gold pieces.

Inventory:

Hand Weapons
 a - a +0 flail (weapon)
Armour
 b - a +0 robe (worn)
 c - a +0 kite shield (worn)
Scrolls
 j - a scroll of blinking
 l - 5 scrolls of amnesia
 m - a scroll of summoning
Potions
 d - a potion of might
 e - 6 potions of curing
 f - 5 potions of heal wounds
 g - a potion of haste
 h - 4 potions of magic
 i - 3 potions of berserk rage
 k - 2 potions of invisibility


   Skills:
 + Level 7.6 Fighting
 * Level 6.7 Maces & Flails
 + Level 5.3 Dodging
 + Level 5.8 Shields


You had 4 spell levels left.
You didn't know any spells.
Your spell library was empty.

Dungeon Overview and Level Annotations

Branches:
Dungeon (1/1)

Altars:
Ashenzari
Cheibriados
Dithmenos
Elyvilon
Fedhas
Gozag
Hepliaklqana
Kikubaaqudgha
Makhleb
Nemelex Xobeh
Okawaru
Qazlal
Ru
Sif Muna
Trog
Uskayaw
Vehumet
Wu Jian
Xom
Yredelemnul
Zin
The Shining One
Jiyva
Lugonu


Innate Abilities, Weirdness & Mutations

You are too large for most types of armour.
You have tough skin. (AC +1)


Message History

You hit the jelly. The acid corrodes you!
Your hands burn!
The jelly is severely wounded.
The orc is distracted by your dazzling golden aura.
The jelly closely misses you.
The orc shouts!
You hit the jelly but do no damage.
Your hands burn!
The jelly is severely wounded.
The orc priest is no longer distracted by gold.
The jelly is distracted by your dazzling golden aura.
The jelly quivers.
You hit the jelly.
The jelly is no longer distracted by gold.
Your hands burn!
The jelly is almost dead.
The orc is no longer distracted by gold.
The jelly hits you. The acid corrodes you!
You are splashed with acid!
* * * LOW HITPOINT WARNING * * *
You hit the jelly but do no damage. The acid corrodes you!
Your hands burn!
* * * LOW HITPOINT WARNING * * *
The jelly is almost dead.
The jelly closely misses you.
Unknown command.
You feel much better. You block the jelly's attack.
You hit the jelly but do no damage. The acid corrodes you!
Your hands burn!
The jelly is almost dead.
The jelly hits you.
You are splashed with acid.
The jelly hits you.
You are splashed with acid!
* * * LOW HITPOINT WARNING * * *
Unknown command.
You hit the jelly but do no damage.
Your hands burn!
* * * LOW HITPOINT WARNING * * *
The jelly is almost dead.
The jelly hits you.
* * * LOW HITPOINT WARNING * * *
The acid corrodes you!
You are splashed with acid.
* * * LOW HITPOINT WARNING * * *
A worm comes into view.
You hit the jelly but do no damage.
Your hands burn!
You die...
Your body crumbles into a pile of gold.

##########'##.....
#.?(.')))'.##.....
##########.##.....
#...........'.....
#'#####'#####.....
#.#.....#[[##.....
#.#.....#))#####'#
#.###'###))##.....
#@#.....#))##.....
#J#.....#..##.....
#o####'##'###...<.
#o#........##.....
#o#........##.....
#l###########.....


#ow ###### #..# #... You could see a worm, a jelly, 2 orc priests, 2 orcs and a
frilled lizard.

Vanquished Creatures
  A floating eye (D)
  A bullfrog (D)
  An adder (D)
  An orc (D)
  An endoplasm (D)
  A hobgoblin (D)
  3 jackals (D)
  A quokka (D)
  2 bats (D)
  A rat (D)
13 creatures vanquished.

Notes
Turn   | Place    | Note
-------+----------+-------------------------------------------
     0 | D        | rocky1 the Ogre Fighter began the quest for the Orb.
     0 | D        | Reached XP level 1. HP: 24/24 MP: 1/1
    23 | D        | Found a bloodstained altar of Trog.
    23 | D        | Found a shimmering blue altar of Sif Muna.
    23 | D        | Found a viscous altar of Jiyva.
    23 | D        | Found a hazy altar of Hepliaklqana.
    23 | D        | Found an opulent altar of Gozag.
    24 | D        | Found a glowing golden altar of the Shining One.
    24 | D        | Found a glowing silver altar of Zin.
    24 | D        | Found a basalt altar of Yredelemnul.
    24 | D        | Found a shimmering altar of Xom.
    24 | D        | Found an ornate altar of the Wu Jian Council.
    24 | D        | Found a sacrificial altar of Ru.
    24 | D        | Found a stormy altar of Qazlal.
    24 | D        | Found an iron altar of Okawaru.
    24 | D        | Found a sparkling altar of Nemelex Xobeh.
    24 | D        | Found a burning altar of Makhleb.
    24 | D        | Found a blossoming altar of Fedhas.
    24 | D        | Found a white marble altar of Elyvilon.
    24 | D        | Found a shadowy altar of Dithmenos.
    24 | D        | Found a snail-covered altar of Cheibriados.
    28 | D        | Found a corrupted altar of Lugonu.
    28 | D        | Found a radiant altar of Vehumet.
    29 | D        | Found a broken altar of Ashenzari.
    29 | D        | Found an ancient bone altar of Kikubaaqudgha.
    29 | D        | Found a hide-covered altar of Uskayaw.
    31 | D        | Became a worshipper of Gozag Ym Sagoz the Greedy
    84 | D        | Noticed a floating eye
    86 | D        | Paralysed by a floating eye for 4 turns
    93 | D        | Killed a floating eye
    94 | D        | Reached skill level 6 in Fighting
    94 | D        | Reached skill level 5 in Maces & Flails
    94 | D        | Reached skill level 5 in Shields
    94 | D        | Reached XP level 2. HP: 37/37 MP: 2/2
    94 | D        | Reached XP level 3. HP: 45/45 MP: 3/3
    94 | D        | Reached XP level 4. HP: 53/53 MP: 4/4
   110 | D        | Reached XP level 5. HP: 61/61 MP: 5/5
   186 | D        | Reached skill level 7 in Fighting
   186 | D        | Reached skill level 5 in Dodging
   194 | D        | Splashed by a jelly's acid

Illustrated notes

Levels and vault maps discovered:
D:        pitsprint [storerooms_1, entrance_room_1, metal_vault_5, armoury_1,
          mini_pit_1, grid_room_1, main_hall_1, silver_pit, the_coven_3,
          the_vestibule_1, steel_vault_5, golden_pit, hallway_of_sentries,
          crystal_vault_2, iron_vault_5, final_vault]

Skill      XL: |  1  2  3  4  5 |
---------------+----------------+-----
Maces & Flails | 5 6 |  6.7
Fighting       | 6 7 |  7.6
Dodging        | 4 5 |  5.3
Shields        | 5 |  5.8

Action                   |  1- 3 |  4- 6 || total
-------------------------+-------+-------++-------
Melee: Flail             |    19 |    26 ||    45
  Use: Potion            |       |     1 ||     1
Armor: Robe              |     8 |     3 ||    11
Dodge: Dodged            |     8 |     8 ||    16
Block: Kite shield       |    11 |     6 ||    17

Table legend: (Time is in decaauts)
 A = Elapsed time spent in this place.
 B = Non-inter-level travel time spent in this place.
 C = Inter-level travel time spent in this place.
 D = Time resting spent in this place.
 E = Time spent auto-exploring this place.
 F = Levels seen in this place.
 G = Mean time per level.
                   A        B        C        D        E       F      G
               +--------+--------+--------+--------+--------+-----+--------+
         Total |    207 |    189 |     18 |      0 |      0 |   1 |  207.0 |
       Dungeon |    207 |    189 |     18 |      0 |      0 |   1 |  207.0 |
               +--------+--------+--------+--------+--------+-----+--------+

Top non-repeatable levels by time:
       D: 207 daAuts
